Map: Ulrena

Players

GriM - Winner!

  • Race: Protoss Protoss
  • League: Gold

Cryptz

  • Race: Protoss Protoss
  • League: Platinum

VOD

Have the link to the VOD?

Description

Time

  • Played on: Dec. 17, 2015, 10:11 p.m.
  • Length: 9:21
Show
View Real Time Build Order
Export as new Build Order

GriM Protoss - Winner!

Build Orders: Oracle Opening 

Get SALT Encoding   

  12  0:01  Probe (Chrono Boost)  
  13  0:11  Probe (Chrono Boost)  
  14  0:20  Pylon  
  14  0:22  Probe (Chrono Boost)  
  15  0:38  Probe (Chrono Boost)  
  15  0:39  Gateway  
  16  0:48  Assimilator  
  16  0:49  Probe (Chrono Boost)  
  17  0:54  Assimilator  
  17  0:59  Probe (Chrono Boost)  
  18  1:10  Probe (Chrono Boost)  
  19  1:21  Probe (Chrono Boost)  
  20  1:27  Cybernetics Core  
  20  1:31  Probe (Chrono Boost)  
  21  1:42  Probe (Chrono Boost)  
  21  1:43  Pylon  
  22  1:53  Probe (Chrono Boost)  
  23  2:06  Nexus  
  23  2:09  Warp Gate (Chrono Boost)  
  23  2:16  Mothership Core  
  25  2:29  Stargate  
  25  2:33  Adept  
  27  2:43  Pylon  
  27  2:50  Probe  
  28  3:00  Robotics Facility  
  28  3:02  Probe  
  29  3:08  Adept  
  25  3:38  Oracle (Chrono Boost)  
  28  3:48  Observer (Chrono Boost)  
  29  3:50  Probe  
  30  4:03  Probe  
  30  4:04  Gateway  
  30  4:08  Gateway  
  31  4:11  Probe  
  32  4:19  Stalker  
  32  4:20  Probe  
  35  4:27  Probe  
  36  4:32  Probe  
  36  4:38  Probe  
  37  4:44  Probe  
  39  4:48  Probe  
  39  4:52  Oracle  
  40  4:56  Probe  
  40  4:59  Probe  
  49  5:08  Immortal (Chrono Boost), Probe  
  49  5:09  Probe  
  51  5:20  Stalker, Probe  
  43  6:02  Stalker  
  43  6:03  Stalker  
  34  6:16  Zealot  
  34  6:18  Zealot  
  21  6:28  Stalker  
  19  6:44  Stalker  
  19  6:45  Stalker  
  19  6:46  Probe  
  20  7:02  Probe  
  21  7:14  Probe  
  22  7:26  Probe  
  22  7:27  Stalker x3  
  29  7:49  Probe (Chrono Boost)  
  30  8:10  Probe (Chrono Boost), Pylon  
  31  8:13  Pylon  
  31  8:29  Probe (Chrono Boost)  
  29  8:39  Probe (Chrono Boost)  
  26  9:04  Probe (Chrono Boost)  
Show
View Real Time Build Order
Export as new Build Order

Cryptz Protoss 

Build Orders:  

Get SALT Encoding   

  12  0:01  Probe (Chrono Boost)  
  13  0:11  Probe (Chrono Boost)  
  14  0:26  Pylon  
  14  0:28  Assimilator  
  14  0:34  Probe (Chrono Boost)  
  15  0:45  Probe (Chrono Boost)  
  16  1:00  Gateway  
  16  1:03  Gateway  
  16  1:07  Probe (Chrono Boost)  
  17  1:18  Probe (Chrono Boost)  
  18  1:37  Probe (Chrono Boost)  
  18  1:38  Assimilator  
  19  1:47  Cybernetics Core, Probe (Chrono Boost)  
  19  1:51  Zealot (Chrono Boost)  
  22  1:55  Pylon  
  22  1:58  Probe (Chrono Boost)  
  23  2:13  Probe (Chrono Boost)  
  24  2:24  Adept x2 (Chrono Boost)  
  24  2:25  Probe  
  24  2:26  Warp Gate (Chrono Boost)  
  29  2:37  Probe  
  30  2:50  Pylon  
  30  2:52  Robotics Facility  
  30  3:09  Mothership Core, Stalker  
  30  3:10  Stalker  
  36  3:30  Probe  
  35  3:44  Immortal  
  39  3:54  Pylon  
  37  3:56  Gateway  
  37  3:58  Gateway  
  37  4:04  Pylon  
  37  4:22  Stalker  
  37  4:23  Stalker  
  39  4:46  Stalker x2  
  39  4:51  Stalker  
  45  4:54  Stalker  
  47  5:05  Pylon  
  47  5:30  Stalker x4  
  54  5:51  Pylon  
  22  6:11  Stalker  
  22  6:12  Stalker x2  
  22  6:19  Stalker  
  12  6:54  Probe (Chrono Boost)  
  13  7:05  Probe (Chrono Boost)  
  12  7:16  Probe (Chrono Boost)  
  9  7:37  Stalker  
  11  7:44  Sentry  
  13  7:52  Probe (Chrono Boost)  
  14  8:02  Sentry  
  16  8:09  Probe (Chrono Boost)  
  17  8:19  Probe (Chrono Boost)  
  16  8:37  Stalker  
  16  8:40  Sentry  
Tags
 
Add a new tag
Caveats
  • Supply blocks, unpowered buildings, or Contaminate may cause inaccurate times.
  • Supply counts are checked every 10 seconds.